AoeStats
← m43ttu

Arabia

505299265Analyzed
2v2 RM · 25d ago on Sep 8, 2026· 48m 53s· 4 players
Game mode
Random Map
Map size
Medium (4 player)
Population
200
Speed
Normal
Resources
Standard
Victory
Conquest
Starting age
Dark Age
Ending age
Imperial Age
RankedLock teamsTeams togetherTeam positionsShared explorationLock speedFull tech treeHidden civsTurbo modeCheats
Victory
Defeat
🇨🇭 Burgundians · Switzerland
1082
+15
🇩🇪 Georgians · Germany
1046
+16
🇫🇷 Franks · France
1054
-15
1054
-16
kert_qt
6:33 Loom
8:57 Feudal Age
14:51 Double-Bit Axe
20:39 Castle Age
18:24 Horse Collar
19:46 Scale Barding Armor
19:52 Forging
21:22 Gold Mining
21:44 Bow Saw
21:37 Heavy Plow
25:20 Wheelbarrow
28:22 Hand Cart
29:43 Chain Barding Armor
29:47 Bloodlines
29:41 Husbandry
32:35 Iron Casting
41:07 Imperial Age
41:07 Cavalier
42:26 Plate Barding Armor
43:53 Blast Furnace
45:04 Light Cavalry
46:35 Hussar
48:41 Fletching
m43ttu
9:42 Feudal Age
9:01 Double-Bit Axe
9:48 Horse Collar
13:05 Loom
20:11 Castle Age
18:44 Forging
20:24 Gold Mining
20:28 Stone Mining
20:26 Cavalier
21:55 Scale Barding Armor
23:03 Fletching
22:37 Light Cavalry
44:03 Husbandry
Khyla
10:08 Loom
11:53 Feudal Age
15:38 Double-Bit Axe
18:28 Wheelbarrow
20:02 Castle Age
20:25 Wheelbarrow
21:58 Bow Saw
22:07 Husbandry
22:20 Forging
23:37 Scale Barding Armor
26:15 Wheelbarrow
30:29 Chain Barding Armor
31:39 Gold Mining
35:17 Iron Casting
35:12 Hand Cart
47:42 Gold Shaft Mining
Grand Tonton le Chafouin
11:33 Feudal Age
10:24 Loom
16:30 Castle Age
16:39 Wheelbarrow
16:07 Double-Bit Axe
17:20 Gold Mining
18:09 Fletching
19:54 Bodkin Arrow
39:26 Padded Archer Armor
44:24 Horse Collar
46:14 Pikeman
49:28 Imperial Age
Connection lost

Rejoining the realm…

Still unreachable

The connection could not be restored.

Session expired

The server has moved on; the page needs a fresh start.